[Event "November 21 Early 2023"]
[Site "https://www.chess.com"]
[Date "2023.11.21"]
[Round "10"]
[White "Zepeda Berlanga, Jan Enrique"]
[Black "Pasmendjambvirgulptipon98"]
[Result "0-1"]
[Board "154"]
[TimeControl "180+1"]
[WhiteFideId "5132355"]
[WhiteElo "1680"]
[BlackElo "2194"]
[WhiteTeam "MEX"]
[WhiteClock "0:00:00"]
[BlackClock "0:00:44"]

1. e4 d6 2. b3 Nf6 3. Nc3 g6 4. Bb2 Bg7 5. Nf3 O-O 6. d4 c5 7. Bd3 Nc6 8. d5 Nb4 9. O-O Nh5 10. Qd2 Bg4 11. Be2 f5 12. h3 Bxf3 13. Bxf3 fxe4 14. Bxh5 gxh5 15. Qg5 e5 16. Nxe4 Qxg5 17. Nxg5 Nxc2 18. Rac1 Nd4 19. Bxd4 exd4 20. g4 Bh6 21. Ne6 Bxc1 22. Nxf8 Rxf8 23. Rxc1 hxg4 24. hxg4 Rf4 25. Re1 Kf7 26. f3 Rxf3 27. Kg2 Re3 28. Rf1+ Kg7 29. Rf2 Re5 30. Kg3 Rxd5 0-1

[Event "November 21 Early 2023"]
[Site "https://www.chess.com"]
[Date "2023.11.21"]
[Round "10"]
[White "Van Osch, Mees"]
[Black "Osiecki, Stanislaw"]
[Result "1-0"]
[Board "155"]
[TimeControl "180+1"]
[WhiteFideId "1035967"]
[BlackFideId "1102990"]
[WhiteElo "2324"]
[BlackElo "2048"]
[WhiteTeam "NED"]
[BlackTeam "POL"]
[WhiteClock "0:00:30"]
[BlackClock "0:00:27"]

1. e4 e6 2. d4 d5 3. Nc3 Bb4 4. e5 c5 5. Bd2 Bxc3 6. Bxc3 cxd4 7. Qxd4 Nc6 8. Qg4 g6 9. O-O-O h5 10. Qe2 Qg5+ 11. Kb1 Nge7 12. Nf3 Qg4 13. h3 Qa4 14. b3 Qa3 15. Qb5 a6 16. Qb6 Nf5 17. Be2 Qe7 18. g4 Ng7 19. Kb2 a5 20. a3 a4 21. b4 O-O 22. Ne1 hxg4 23. hxg4 Rd8 24. Qe3 g5 25. Qh3 f5 26. exf6 1-0

[Event "November 21 Early 2023"]
[Site "https://www.chess.com"]
[Date "2023.11.21"]
[Round "10"]
[White "Dilmukhametov, Artur"]
[Black "Mirza, Diana"]
[Result "1-0"]
[Board "156"]
[TimeControl "180+1"]
[WhiteFideId "24179922"]
[BlackFideId "2503999"]
[WhiteElo "2176"]
[BlackElo "1813"]
[WhiteTeam "RUS"]
[BlackTeam "IRL"]
[WhiteClock "0:01:36"]
[BlackClock "0:00:42"]

1. e4 c5 2. d4 cxd4 3. c3 d6 4. Nf3 dxc3 5. Nxc3 Bg4 6. Bc4 e6 7. O-O Ne7 8. Bg5 h6 9. Bh4 g5 10. Bg3 Ng6 11. Qd3 Be7 12. Rac1 Nf4 13. Bxf4 gxf4 14. Nb5 Nc6 15. Nfd4 Ne5 16. Qb3 f3 17. Nc7+ Qxc7 18. Bb5+ Nc6 19. Nxc6 bxc6 20. Rxc6 Qb8 21. Rc8# 1-0

[Event "November 21 Early 2023"]
[Site "https://www.chess.com"]
[Date "2023.11.21"]
[Round "10"]
[White "Fernandez Sanchez, Mario Andres"]
[Black "GMT4114"]
[Result "0-1"]
[Board "157"]
[TimeControl "180+1"]
[WhiteFideId "6501621"]
[WhiteElo "2050"]
[BlackElo "1946"]
[WhiteTeam "CRC"]
[WhiteClock "0:00:00"]
[BlackClock "0:00:09"]

1. d4 e6 2. Bf4 f5 3. e3 Nf6 4. h4 b6 5. h5 Bb7 6. Nf3 Bd6 7. Nc3 Bxf4 8. exf4 Qe7 9. Bc4 Nc6 10. Qd2 Na5 11. Bb5 a6 12. Ba4 Nc4 13. Qc1 Qb4 14. Bb3 Nd5 15. a3 Qd6 16. Bxc4 Nxf4 17. O-O Bxf3 18. gxf3 Nxh5 19. Qg5 Nf6 20. Rad1 b5 21. Bb3 O-O-O 22. d5 h6 23. Qg3 e5 24. Rfe1 Rde8 25. Kf1 Nh5 26. Qh2 Nf4 27. Ne2 g5 28. Ng3 Qg6 29. c4 bxc4 30. Bxc4 Kb7 31. b4 h5 32. b5 a5 33. Bd3 Rhf8 34. Re3 h4 35. Ne2 Nxd5 36. Bc4 Nxe3+ 37. fxe3 d6 38. Bd5+ Kb8 39. Bc6 Re7 40. Nc3 g4 41. Nd5 g3 42. Qh3 Rg7 43. Kg2 e4 44. Nf4 exf3+ 45. Bxf3 Qf6 46. Qh1 Qb2+ 47. Kh3 g2 48. Bxg2 Rh8 49. Qh2 Rg3+ 50. Qxg3 hxg3+ 51. Kxg3 Qc3 52. Kf3 Qc2 53. Rf1 Qe4+ 54. Kf2 Rg8 55. Bxe4 fxe4 56. Rg1 Rf8 57. Rg6 d5 58. Ke2 d4 59. Ne6 d3+ 60. Kd2 Rh8 61. Nc5 Rh2+ 62. Kc3 Rc2+ 0-1

[Event "November 21 Early 2023"]
[Site "https://www.chess.com"]
[Date "2023.11.21"]
[Round "10"]
[White "Nikulina, Alena"]
[Black "Gyulamiryan-koryun"]
[Result "0-1"]
[Board "158"]
[TimeControl "180+1"]
[WhiteFideId "4172051"]
[WhiteElo "1627"]
[BlackElo "1900"]
[WhiteTeam "RUS"]
[WhiteClock "0:00:17"]
[BlackClock "0:02:05"]

1. e4 c5 2. Nf3 d6 3. d4 cxd4 4. Nxd4 Nf6 5. Nc3 a6 6. h3 e5 7. Nf3 Be6 8. Be3 Be7 9. Be2 Nbd7 10. O-O b5 11. Qd2 O-O 12. a3 Qc7 13. Nd5 Bxd5 14. exd5 e4 15. Nd4 Ne5 16. Nf5 Nc4 17. Bxc4 bxc4 18. Nxe7+ Qxe7 19. Qd4 Rac8 20. Rfd1 Rfd8 21. Bg5 h6 22. Bxf6 Qxf6 23. Re1 Qxd4 0-1

[Event "November 21 Early 2023"]
[Site "https://www.chess.com"]
[Date "2023.11.21"]
[Round "11"]
[White "Nihal Sarin"]
[Black "Andreikin, Dmitry"]
[Result "1-0"]
[Board "2"]
[TimeControl "180+1"]
[WhiteFideId "25092340"]
[BlackFideId "4158814"]
[WhiteElo "2689"]
[BlackElo "2741"]
[WhiteTeam "IND"]
[BlackTeam "FID"]
[WhiteClock "0:00:09"]
[BlackClock "0:00:00"]

1. Nf3 Nf6 2. c4 e6 3. g3 b6 4. Bg2 Bb7 5. d4 Bb4+ 6. Bd2 a5 7. O-O O-O 8. Bg5 Be7 9. Nc3 Ne4 10. Bxe7 Qxe7 11. Nxe4 Bxe4 12. Rc1 d6 13. Nd2 Bxg2 14. Kxg2 Nd7 15. e3 e5 16. Qf3 Nf6 17. Nb1 e4 18. Qe2 Qe6 19. Nc3 Rae8 20. b3 Qf5 21. Rc2 h5 22. h3 Nh7 23. Nd5 c6 24. Nxb6 h4 25. Qg4 Qxg4 26. hxg4 f5 27. gxf5 Rxf5 28. gxh4 g5 29. Rh1 Nf6 30. hxg5 Rxg5+ 31. Kf1 Ng4 32. Na4 Rf8 33. Ke1 Rff5 34. Nc3 Nf6 35. Ne2 c5 36. dxc5 dxc5 37. Ng3 Rf3 38. Rh4 Rgxg3 39. fxg3 Rxe3+ 40. Kf2 Rd3 41. Re2 Kf7 42. Rh8 Ke6 43. Rc8 Ng4+ 44. Kg2 Ne3+ 45. Kf2 Ng4+ 46. Kg2 Ne3+ 47. Kh3 Nf5 48. Rxe4+ Kd7 49. Rg8 Rd2 50. Re5 Nd4 51. Rxc5 Nf3 52. Rd5+ 1-0

[Event "November 21 Early 2023"]
[Site "https://www.chess.com"]
[Date "2023.11.21"]
[Round "11"]
[White "Erigaisi Arjun"]
[Black "Maghsoodloo, Parham"]
[Result "0-1"]
[Board "3"]
[TimeControl "180+1"]
[WhiteFideId "35009192"]
[BlackFideId "12539929"]
[WhiteElo "2729"]
[BlackElo "2660"]
[WhiteTeam "IND"]
[BlackTeam "IRI"]
[WhiteClock "0:00:25"]
[BlackClock "0:00:33"]

1. c4 Nf6 2. Nc3 e5 3. Nf3 Nc6 4. g3 Bb4 5. Nd5 a5 6. Bg2 O-O 7. O-O Re8 8. d3 h6 9. e4 Bc5 10. Be3 d6 11. h3 Nb4 12. a3 Nbxd5 13. cxd5 Bxe3 14. fxe3 Bd7 15. Rc1 c6 16. Nd2 Ra6 17. Kh2 b5 18. a4 cxd5 19. exd5 bxa4 20. Nc4 Bb5 21. Na3 Bd7 22. Nc4 e4 23. dxe4 Nxe4 24. Qd4 Qe7 25. Rf4 Nc5 26. Rcf1 f6 27. R1f3 Bb5 28. Na3 Bd3 29. h4 Rb6 30. Qc3 Qe5 31. Rd4 Rb3 32. Qd2 Reb8 33. Qd1 Rxb2 34. Rxd3 Nxd3 35. Qxd3 R2b3 0-1

[Event "November 21 Early 2023"]
[Site "https://www.chess.com"]
[Date "2023.11.21"]
[Round "11"]
[White "Pranesh M"]
[Black "Sadhwani, Raunak"]
[Result "0-1"]
[Board "4"]
[TimeControl "180+1"]
[WhiteFideId "35028600"]
[BlackFideId "35093487"]
[WhiteElo "2481"]
[BlackElo "2668"]
[WhiteTeam "IND"]
[BlackTeam "IND"]
[WhiteClock "0:00:05"]
[BlackClock "0:00:14"]

1. e4 c6 2. d4 d5 3. e5 c5 4. dxc5 e6 5. Be3 Nd7 6. Bb5 Ne7 7. Bd4 Nc6 8. Bxc6 bxc6 9. b4 a5 10. a3 Ba6 11. Nf3 Be7 12. Nc3 O-O 13. Ne2 f6 14. O-O fxe5 15. Nxe5 Nxe5 16. Bxe5 Bf6 17. Bxf6 Qxf6 18. Qd2 Bxe2 19. Qxe2 axb4 20. Qe3 Ra5 21. a4 Rfa8 22. g3 e5 23. Rae1 Rxa4 24. Qxe5 Qxe5 25. Rxe5 R4a5 26. Rb1 Rb8 27. Re7 Rxc5 28. Ra1 Kh8 29. Raa7 Rg8 30. Rab7 Rc4 31. Red7 d4 32. h4 c5 33. g4 Rxc2 34. g5 c4 35. Rxb4 d3 36. h5 d2 37. Kg2 h6 38. gxh6 c3 39. Rbb7 Rc1 40. hxg7+ Kh7 41. Rbc7 d1=Q 42. Rxd1 Rxd1 43. h6 Rd6 44. Rxc3 Rxh6 45. Kf1 Rxg7 46. Ke2 Rf7 47. f3 Rhf6 48. Kf2 Kg7 49. Ra3 Kg6 50. Rb3 Rf5 51. Ra3 R7f6 52. Rb3 Kg5 53. Ra3 Rd5 54. Ke3 Kf5 55. Kf2 Re6 56. Kg3 Rg6+ 57. Kf2 Rb5 58. Ke3 Re6+ 59. Kf2 Reb6 60. Kg3 Rb1 61. Ra5+ R6b5 62. Ra8 R5b2 63. Rf8+ Ke6 64. Re8+ Kf7 65. Re4 Rg1+ 66. Kf4 Kf6 67. Ra4 Re1 68. Kg3 Rb3 69. Ra6+ Kf5 70. Ra5+ Re5 71. Ra8 Ree3 72. Rf8+ Ke5 73. Re8+ Kd4 74. Rd8+ Kc4 75. Rf8 Kd3 76. Kg4 Ke2 77. f4 Rg3+ 78. Kf5 Kf3 79. Ke5 Rb5+ 80. Ke6 Rg6+ 81. Ke7 Rb7+ 82. Kd8 Ra6 83. Kc8 Ra8+ 84. Kxb7 Rxf8 0-1

[Event "November 21 Early 2023"]
[Site "https://www.chess.com"]
[Date "2023.11.21"]
[Round "11"]
[White "Van Foreest, Jorden"]
[Black "Bortnyk, Olexandr"]
[Result "1-0"]
[Board "5"]
[TimeControl "180+1"]
[WhiteFideId "1039784"]
[BlackFideId "14120828"]
[WhiteElo "2664"]
[BlackElo "2725"]
[WhiteTeam "NED"]
[BlackTeam "UKR"]
[WhiteClock "0:01:03"]
[BlackClock "0:00:39"]

1. e4 Nf6 2. e5 Nd5 3. d4 d6 4. Nf3 dxe5 5. Nxe5 c6 6. Bc4 Nd7 7. Nf3 N7f6 8. O-O Bg4 9. h3 Bxf3 10. Qxf3 Nb6 11. Qd3 Nxc4 12. Qxc4 Qd5 13. Qb3 O-O-O 14. Be3 e6 15. c4 Qa5 16. Nc3 Bb4 17. a3 Bxc3 18. bxc3 Ne4 19. Rfc1 Rd7 20. Qb4 Qf5 21. Rab1 g5 22. f3 Ng3 23. Kf2 Ne4+ 24. Kg1 Ng3 25. Kh2 Ne2 26. Re1 Qd3 27. Bxg5 Rg8 28. Qa5 b6 29. Rxb6 Rxg5 30. Rxc6+ Kb8 31. Qb4+ Rb5 32. Qf8+ 1-0

[Event "November 21 Early 2023"]
[Site "https://www.chess.com"]
[Date "2023.11.21"]
[Round "11"]
[White "Henriquez Villagra, Cristobal"]
[Black "Le, Tuan Minh"]
[Result "1-0"]
[Board "6"]
[TimeControl "180+1"]
[WhiteFideId "3409350"]
[BlackFideId "12401153"]
[WhiteElo "2572"]
[BlackElo "2561"]
[WhiteTeam "CHI"]
[BlackTeam "VIE"]
[WhiteClock "0:00:08"]
[BlackClock "0:00:04"]

1. e4 e5 2. Nf3 Nc6 3. g3 Bc5 4. Bg2 d6 5. O-O Nf6 6. Nc3 O-O 7. d3 h6 8. Na4 Bb6 9. Nxb6 axb6 10. c4 Nd7 11. b3 Nc5 12. Bb2 Bg4 13. h3 Bxf3 14. Bxf3 Ne6 15. h4 Ned4 16. Bg4 Qe7 17. a3 Rae8 18. Bh3 f5 19. exf5 Nxf5 20. Bg2 Rf6 21. h5 Kh8 22. Be4 Ref8 23. Qg4 Qf7 24. Rae1 Nfd4 25. f4 Nxb3 26. Bd5 Qe8 27. Bxc6 bxc6 28. fxe5 Rxf1+ 29. Rxf1 Rxf1+ 30. Kxf1 dxe5 31. Qe2 Qf7+ 32. Kg2 Nc5 33. Bxe5 Ne6 34. d4 Kg8 35. a4 Qd7 36. Qg4 Qf7 37. Qg6 Qe7 38. Qf5 Nf8 39. Qc8 Qf7 40. Qxc7 Ne6 41. Qxf7+ Kxf7 42. c5 bxc5 43. a5 c4 44. a6 c3 45. d5 cxd5 46. Bxc3 Nc7 47. a7 g6 48. hxg6+ Kxg6 49. Kf3 Kf5 50. g4+ Kg5 51. Bd2+ Kg6 52. Kg3 d4 53. Kh4 d3 54. Bc3 Na8 55. Ba5 Kg7 56. Kh5 Kh7 57. Bd2 Kg7 58. Bxh6+ Kf7 59. g5 Kg8 60. g6 Nb6 61. Bd2 Kg7 62. Bc3+ Kg8 63. Kh6 Na8 64. Ba5 Kh8 65. g7+ Kg8 66. Kg6 d2 67. Bxd2 Nc7 68. Ba5 Na8 69. Kh6 1-0

[Event "November 21 Early 2023"]
[Site "https://www.chess.com"]
[Date "2023.11.21"]
[Round "11"]
[White "Baskakov, Egor"]
[Black "Liang, Awonder"]
[Result "1/2-1/2"]
[Board "7"]
[TimeControl "180+1"]
[WhiteFideId "24197866"]
[BlackFideId "2056437"]
[WhiteElo "2225"]
[BlackElo "2527"]
[WhiteTeam "RUS"]
[BlackTeam "USA"]
[WhiteClock "0:00:06"]
[BlackClock "0:00:05"]

1. e4 b6 2. g3 Bb7 3. Bg2 e6 4. Nc3 Nf6 5. Nge2 d5 6. exd5 Nxd5 7. O-O Be7 8. Nf4 Nxc3 9. bxc3 Bxg2 10. Kxg2 O-O 11. d3 Bf6 12. Qf3 Nd7 13. Bd2 c5 14. Rae1 g6 15. h4 Bg7 16. h5 g5 17. h6 Bxh6 18. Nh5 Qe7 19. c4 Rae8 20. Bc3 f5 21. Rh1 e5 22. Qb7 Qd6 23. Kg1 g4 24. Qg2 Bg5 25. f3 gxf3 26. Qxf3 h6 27. Rh2 e4 28. Qf1 Ne5 29. Bxe5 Qxe5 30. Rhe2 Qd4+ 31. Kg2 Re7 32. Nf4 Rfe8 33. Nd5 Re5 34. Rf2 exd3 35. Rxe5 Rxe5 36. cxd3 Qg4 37. Qa1 Re6 38. Qf1 Re5 39. Qa1 Re2 40. Qf1 Rxf2+ 41. Qxf2 h5 42. Qe1 Kf7 43. Qe5 h4 44. Qc7+ Kg6 45. Qc6+ Kg7 46. Qd7+ Kh6 47. Qe6+ Kg7 48. Qd7+ Kg6 49. Qe8+ Kh7 50. Qf7+ Kh6 51. Qf8+ Kh7 52. Qf7+ Kh6 53. Qf8+ Kh7 54. Qf7+ 1/2-1/2

[Event "November 21 Early 2023"]
[Site "https://www.chess.com"]
[Date "2023.11.21"]
[Round "11"]
[White "Shimanov, Aleksandr"]
[Black "Chigaev, Maksim"]
[Result "0-1"]
[Board "8"]
[TimeControl "180+1"]
[WhiteFideId "4198603"]
[BlackFideId "4108116"]
[WhiteElo "2611"]
[BlackElo "2561"]
[WhiteTeam "RUS"]
[BlackTeam "ESP"]
[WhiteClock "0:00:00"]
[BlackClock "0:00:07"]

1. d4 Nf6 2. Bg5 g6 3. Bxf6 exf6 4. c4 d5 5. cxd5 Qxd5 6. Nc3 Bb4 7. e3 O-O 8. a3 Bxc3+ 9. bxc3 Qa5 10. Qd2 c5 11. Nf3 b6 12. Be2 Ba6 13. Bxa6 Nxa6 14. O-O Rac8 15. Rfd1 Rfd8 16. Qb2 Qa4 17. Rd2 Kg7 18. h3 Nb8 19. d5 Rd6 20. Rad1 Nd7 21. Rb1 Qe4 22. Rbd1 a6 23. Nh2 Ne5 24. Qb3 b5 25. Nf1 Rcd8 26. a4 Qxa4 27. Qxa4 bxa4 28. e4 f5 29. exf5 Nc4 30. Ra2 a3 31. Ne3 Nxe3 32. fxe3 Rxd5 33. Rxd5 Rxd5 34. fxg6 hxg6 35. Rxa3 Rd3 36. Kf2 c4 37. Kf3 f5 38. h4 Kh6 39. g3 Kh5 40. Kf4 Kh6 41. Kf3 Kh5 42. Kf4 Kh6 43. Rxa6 Rxc3 44. Rc6 Rc1 45. Kf3 c3 46. Kg2 Kg7 47. Kf3 Kf7 0-1

[Event "November 21 Early 2023"]
[Site "https://www.chess.com"]
[Date "2023.11.21"]
[Round "11"]
[White "Puranik, Abhimanyu"]
[Black "Cherniaiev, Tykhon"]
[Result "1/2-1/2"]
[Board "9"]
[TimeControl "180+1"]
[WhiteFideId "5061245"]
[BlackFideId "14182360"]
[WhiteElo "2493"]
[BlackElo "2438"]
[WhiteTeam "IND"]
[BlackTeam "UKR"]
[WhiteClock "0:00:04"]
[BlackClock "0:00:07"]

1. Nf3 Nf6 2. g3 g6 3. b3 Bg7 4. Bb2 O-O 5. c4 c5 6. Bg2 d5 7. cxd5 Nxd5 8. Bxg7 Kxg7 9. d4 cxd4 10. Nxd4 Nf6 11. O-O a6 12. Nc3 Qa5 13. Qc2 Bd7 14. Qb2 Nc6 15. Nxc6 Bxc6 16. Bxc6 bxc6 17. Rac1 Rab8 18. Ne4 Rfc8 19. Nxf6 exf6 20. Rfd1 Rd8 21. Kg2 Qf5 22. f3 Qe6 23. e4 a5 24. Qc2 Rxd1 25. Rxd1 Qe5 26. Rd2 a4 27. bxa4 Qa5 28. Re2 Rb4 29. Qxc6 Rxa4 30. Qc2 Ra3 31. Qb2 h5 32. e5 fxe5 33. f4 Qa8+ 34. Kg1 Qa7+ 35. Kf1 Rf3+ 36. Kg2 Qa8 37. Qxe5+ Kh7 38. Qe4 Qxe4 39. Rxe4 Ra3 40. Re2 Kg7 41. Kf2 Kf6 42. Ke1 Kf5 43. Kf2 h4 44. Re5+ Kf6 45. gxh4 Rxa2+ 46. Kg3 Ra3+ 47. Kg4 Ra2 48. h3 Rg2+ 49. Kf3 Rh2 50. Kg3 Ra2 51. h5 gxh5 52. Rxh5 Kg6 53. Rg5+ Kh6 54. Kg4 f6 55. Rb5 Kg6 56. h4 f5+ 57. Kf3 Ra3+ 58. Kg2 Kh5 59. Rxf5+ Kg4 60. Rg5+ Kxf4 61. Rg8 Ra2+ 62. Kf1 Rh2 63. Rh8 Kg4 64. h5 Rxh5 65. Rxh5 Kxh5 1/2-1/2

[Event "November 21 Early 2023"]
[Site "https://www.chess.com"]
[Date "2023.11.21"]
[Round "11"]
[White "Halkias, Stelios"]
[Black "Zhigalko, Sergei"]
[Result "0-1"]
[Board "10"]
[TimeControl "180+1"]
[WhiteFideId "4201809"]
[BlackFideId "13502956"]
[WhiteElo "2462"]
[BlackElo "2616"]
[WhiteTeam "GRE"]
[BlackTeam "BLR"]
[WhiteClock "0:00:18"]
[BlackClock "0:00:03"]

1. Nf3 d5 2. d4 e6 3. c4 c6 4. g3 dxc4 5. Bg2 b5 6. O-O Bb7 7. a4 Nf6 8. Bg5 a6 9. Bxf6 Qxf6 10. Nc3 Bb4 11. Ne5 Qe7 12. e3 Bxc3 13. bxc3 O-O 14. Qf3 f6 15. Nxc4 bxc4 16. Rfb1 Ra7 17. Rb2 Nd7 18. Rab1 Ba8 19. Qe2 c5 20. Qxc4 Bxg2 21. Kxg2 Qd6 22. e4 Rc8 23. a5 Rac7 24. d5 Ne5 25. Qa2 exd5 26. Rb6 Qd7 27. exd5 c4 28. Rd1 Rc5 29. d6 Rb5 30. Qe2 Rxa5 31. Qe4 Rd8 32. Rb7 Qc6 33. Qxc6 Nxc6 34. Rc7 Ne5 35. Rd4 Kf8 36. h3 Ra2 37. g4 h6 38. Kg3 Rc2 39. f4 Rxc3+ 40. Kg2 Rc2+ 41. Kg3 Rc3+ 42. Kg2 Nf7 43. d7 Rd3 44. Rcxc4 Rxd4 45. Rxd4 Ke7 46. Ra4 Ra8 47. Rd4 Nd6 48. Kg3 Kxd7 49. Kh4 a5 50. Ra4 Ke6 51. Kh5 Kf7 52. f5 Nb5 53. h4 Ra7 54. Rc4 a4 55. Rc5 Nd6 56. Rc6 Ne4 57. g5 fxg5 58. hxg5 Nxg5 59. f6 gxf6 60. Kxh6 a3 61. Kh5 a2 62. Kg4 a1=Q 63. Rxf6+ Qxf6 0-1

[Event "November 21 Early 2023"]
[Site "https://www.chess.com"]
[Date "2023.11.21"]
[Round "11"]
[White "De Silva, L M S T"]
[Black "Kamsky, Gata"]
[Result "0-1"]
[Board "11"]
[TimeControl "180+1"]
[WhiteFideId "9953698"]
[BlackFideId "2000024"]
[WhiteElo "2372"]
[BlackElo "2660"]
[WhiteTeam "SRI"]
[BlackTeam "USA"]
[WhiteClock "0:00:01"]
[BlackClock "0:00:01"]

1. e4 g6 2. g3 Bg7 3. Bg2 c5 4. Ne2 Nc6 5. c3 e5 6. a4 d6 7. Na3 Nge7 8. Nc4 Be6 9. Ne3 O-O 10. O-O Qd7 11. d3 Bh3 12. f4 Bxg2 13. Kxg2 f5 14. Nc4 Kh8 15. Be3 b6 16. Qd2 Rad8 17. Rad1 Qe6 18. fxe5 dxe5 19. exf5 Nxf5 20. Bg5 Rde8 21. Ne3 h6 22. Nxf5 gxf5 23. Bh4 Qg6 24. Qe3 c4 25. dxc4 f4 26. Qd2 Qe4+ 27. Rf3 fxg3 28. Qe3 Qxh4 29. Rxg3 Rd8 30. Rg1 Ne7 31. Rh3 Qf6 32. Ng3 Qc6+ 33. Ne4 Rf4 34. Re1 Nf5 35. Qe2 Nd6 36. Re3 Nxc4 37. Rd3 Qg6+ 38. Rg3 Qc6 39. Kg1 Nd6 40. Ng5 hxg5 41. Qh5+ Kg8 42. Qxg5 Nf5 43. Qxd8+ Kf7 44. Rg2 Bf8 45. Qg5 Bc5+ 46. Kh1 Qf6 47. Qh5+ Ke7 48. Rd1 Ne3 49. Qh7+ Qf7 50. Rd7+ Kxd7 51. Rg7 Rf1+ 0-1

[Event "November 21 Early 2023"]
[Site "https://www.chess.com"]
[Date "2023.11.21"]
[Round "11"]
[White "Pastar, Slaven"]
[Black "Sychev, Klementy"]
[Result "0-1"]
[Board "12"]
[TimeControl "180+1"]
[WhiteFideId "14402718"]
[BlackFideId "4114060"]
[WhiteElo "2230"]
[BlackElo "2583"]
[WhiteTeam "BIH"]
[BlackTeam "FID"]
[WhiteClock "0:00:08"]
[BlackClock "0:01:53"]

1. b3 d5 2. Bb2 Nf6 3. Nf3 Bf5 4. e3 h6 5. Bd3 Bxd3 6. cxd3 e6 7. d4 Bd6 8. Nc3 O-O 9. O-O Nbd7 10. d3 c6 11. Qe2 e5 12. dxe5 Nxe5 13. Nxe5 Bxe5 14. e4 Re8 15. Rae1 Qa5 16. Qc2 Rad8 17. a3 dxe4 18. Nxe4 Bxh2+ 19. Kxh2 Qh5+ 20. Kg3 Qg4+ 21. Kh2 Qh4+ 22. Kg1 Ng4 23. Nf6+ gxf6 24. Rxe8+ Rxe8 25. Be5 Rxe5 26. Re1 Rxe1# 0-1

[Event "November 21 Early 2023"]
[Site "https://www.chess.com"]
[Date "2023.11.21"]
[Round "11"]
[White "Tristan, Leonardo"]
[Black "Maksimovic, Bojan"]
[Result "1-0"]
[Board "13"]
[TimeControl "180+1"]
[WhiteFideId "113816"]
[BlackFideId "14408120"]
[WhiteElo "2483"]
[BlackElo "2546"]
[WhiteTeam "ARG"]
[BlackTeam "BIH"]
[WhiteClock "0:00:14"]
[BlackClock "0:00:09"]

1. d4 a6 2. e4 e6 3. Nf3 d5 4. exd5 exd5 5. Bd3 Bd6 6. O-O Ne7 7. h3 Nbc6 8. c3 Bf5 9. Bxf5 Nxf5 10. Re1+ Nfe7 11. b4 Qd7 12. a4 O-O 13. Nbd2 Ng6 14. Nb3 Rfe8 15. Rxe8+ Rxe8 16. Bd2 Nce7 17. Qf1 Nf5 18. Qd3 Nfh4 19. Nxh4 Nxh4 20. Nc5 Bxc5 21. dxc5 c6 22. c4 d4 23. Bc3 Nf5 24. g4 Nh4 25. Kf1 h5 26. Rd1 hxg4 27. Qxd4 Qxd4 28. Rxd4 Nf3 29. Rf4 g5 30. Rf5 Re4 31. hxg4 Rxc4 32. Rxf3 Rxg4 33. Rg3 Rc4 34. Rxg5+ Kf8 35. Rg3 Ke7 36. Rd3 Ke6 37. Ke2 a5 38. bxa5 Rxc5 39. Kd2 Rc4 40. Rd4 Rc5 41. Rb4 Rxa5 42. Re4+ Kd5 43. Re5+ 1-0

[Event "November 21 Early 2023"]
[Site "https://www.chess.com"]
[Date "2023.11.21"]
[Round "11"]
[White "Nakamura, Hikaru"]
[Black "Raja Rithvik R"]
[Result "1/2-1/2"]
[Board "14"]
[TimeControl "180+1"]
[WhiteFideId "2016192"]
[BlackFideId "35007394"]
[WhiteElo "2874"]
[BlackElo "2395"]
[WhiteTeam "USA"]
[BlackTeam "IND"]
[WhiteClock "0:00:38"]
[BlackClock "0:00:18"]

1. h4 d5 2. g3 e5 3. d3 Nf6 4. Bg2 Be7 5. c4 d4 6. Bg5 O-O 7. Nd2 Nbd7 8. Ngf3 c6 9. Bxf6 Bxf6 10. b4 a5 11. a3 Be7 12. c5 axb4 13. axb4 Rxa1 14. Qxa1 b6 15. O-O bxc5 16. bxc5 Bxc5 17. Rc1 Qe7 18. Ne4 Bb6 19. Rxc6 Bb7 20. Rc2 h6 21. h5 Ra8 22. Qb1 Bd5 23. Nh4 Qe6 24. Rb2 Bd8 25. Nf3 Be7 26. Kh2 Qg4 27. Kg1 Qxh5 28. Nfd2 Qg6 29. Nc4 Qc6 30. Rb5 Ra1 31. Qxa1 Qxb5 32. Qa7 Bf8 33. Ned2 Bxg2 34. Kxg2 Qd5+ 35. Kg1 h5 36. Qc7 h4 37. gxh4 Qe6 38. Nf3 e4 39. dxe4 Nc5 40. Ncd2 Nxe4 41. Nxe4 Qxe4 42. Qxf7+ Kxf7 43. Ng5+ Kg6 44. Nxe4 Kh5 45. Ng3+ Kg4 46. Kg2 g6 47. Nf1 Kxh4 48. Nd2 Kg4 49. Nf3 Bg7 50. Ne1 Bf8 51. Nd3 Bd6 52. f3+ Kf5 53. Kh3 g5 54. Nf2 Kf4 55. Ne4 Be7 56. Ng3 Ke3 57. Kg4 Bd8 58. Nf5+ Kxe2 59. Nxd4+ Ke3 60. Ne6 Bf6 61. Nc7 Be5 62. Nd5+ Kd4 63. Nb4 Bf6 64. Nc2+ Ke5 65. Ne3 Ke6 66. Nf1 Be7 67. Ng3 Kf6 68. Ne4+ Kg6 69. Nd2 Bf6 70. Nc4 Bg7 71. Nd6 Bf6 72. Ne4 Be7 73. Nf2 Bf6 74. Nd1 Bd4 75. f4 gxf4 76. Kxf4 1/2-1/2

[Event "November 21 Early 2023"]
[Site "https://www.chess.com"]
[Date "2023.11.21"]
[Round "11"]
[White "Vakhlamov, Igor L."]
[Black "Martinez Alcantara, Jose Eduardo"]
[Result "1-0"]
[Board "15"]
[TimeControl "180+1"]
[WhiteFideId "24126748"]
[BlackFideId "3805662"]
[WhiteElo "2407"]
[BlackElo "2703"]
[WhiteTeam "RUS"]
[BlackTeam "PER"]
[WhiteClock "0:00:04"]
[BlackClock "0:00:02"]

1. e4 a5 2. d4 a4 3. Nf3 e6 4. Nc3 d5 5. Bd3 Nf6 6. O-O Be7 7. a3 h6 8. Re1 c6 9. h3 b5 10. Bf4 Bb7 11. Bh2 Nbd7 12. Ne5 Qb6 13. exd5 Nxd5 14. Nxd7 Kxd7 15. Ne4 Qxd4 16. Qe2 Rhd8 17. c4 bxc4 18. Bxc4 Ke8 19. Rad1 Qb6 20. Be5 Kf8 21. Rd3 f6 22. Bd4 c5 23. Bc3 Ba6 24. Rf3 Bxc4 25. Qxc4 Qa6 26. Qa2 Kg8 27. Ng3 Rab8 28. Nh5 Kf7 29. Qb1 g6 30. Nf4 Nxf4 31. Rxf4 Qd3 32. Qa2 Qd5 33. Qb1 c4 34. Qc2 Ra8 35. Rfe4 Ra6 36. Qe2 Rc6 37. Qc2 Qb5 38. Qe2 Qa6 39. Qf3 Rd3 40. Qf4 g5 41. Qg4 e5 42. Qf5 Qc8 43. Qh7+ Ke8 44. Bxe5 Re6 45. Bxf6 Rdd6 46. Rxe6 Rxe6 47. Qg8+ Kd7 48. Qxe6+ 1-0

[Event "November 21 Early 2023"]
[Site "https://www.chess.com"]
[Date "2023.11.21"]
[Round "11"]
[White "Pakleza, Zbigniew"]
[Black "Lazavik, Denis"]
[Result "0-1"]
[Board "16"]
[TimeControl "180+1"]
[WhiteFideId "1119290"]
[BlackFideId "13515110"]
[WhiteElo "2410"]
[BlackElo "2556"]
[WhiteTeam "POL"]
[BlackTeam "BLR"]
[WhiteClock "0:00:00"]
[BlackClock "0:00:05"]

1. d4 Nf6 2. Nf3 b6 3. Bf4 Bb7 4. e3 g6 5. h3 Bg7 6. Be2 O-O 7. O-O d6 8. c3 c5 9. Nbd2 Nbd7 10. a4 a6 11. Bh2 Qc7 12. Bd3 Rfe8 13. Qe2 e5 14. dxe5 dxe5 15. e4 Nh5 16. Bc4 Nf8 17. Rfd1 Ne6 18. Nf1 Nhf4 19. Qe1 Qe7 20. Bd5 Nxd5 21. exd5 Ng5 22. Nxg5 Qxg5 23. Ra3 Bc8 24. c4 Bd7 25. Qe3 Qh4 26. Nd2 f5 27. a5 bxa5 28. Rxa5 e4 29. Rxc5 g5 30. Rc7 f4 31. Qe2 Bf5 32. d6 Rad8 33. c5 Kh8 34. Re7 g4 35. Nxe4 gxh3 36. Rxe8+ Rxe8 37. d7 Bxd7 38. Rxd7 hxg2 39. f3 Be5 40. c6 Rg8 41. Qf2 Qh6 42. c7 Qc6 43. Qd2 Qb6+ 44. Nf2 Bxc7 45. Rxc7 Qxc7 46. Bxf4 Qg7 47. Qc3 Qxc3 48. bxc3 Rc8 49. Ne4 Kg7 50. Be5+ Kg6 51. Kxg2 a5 52. Nd6 Rc6 53. c4 a4 54. f4 a3 55. Kf3 a2 56. Ne4 Rxc4 57. Nd2 Ra4 58. Nb3 Kf5 59. Na1 Ra3+ 60. Kg2 h5 61. Kh2 h4 62. Kg2 Kg4 63. Kh2 h3 64. f5 Kxf5 0-1

[Event "November 21 Early 2023"]
[Site "https://www.chess.com"]
[Date "2023.11.21"]
[Round "11"]
[White "Molina, Roberto Junio Brito"]
[Black "Demchenko, Anton"]
[Result "1-0"]
[Board "17"]
[TimeControl "180+1"]
[WhiteFideId "2109450"]
[BlackFideId "4160258"]
[WhiteElo "2389"]
[BlackElo "2545"]
[WhiteTeam "BRA"]
[BlackTeam "SLO"]
[WhiteClock "0:00:36"]
[BlackClock "0:00:22"]

1. d4 Nf6 2. c4 d6 3. Nf3 Nc6 4. d5 Ne5 5. Nxe5 dxe5 6. Nc3 e6 7. e4 Bc5 8. Be3 Bxe3 9. fxe3 O-O 10. Qc2 c6 11. O-O-O Qb6 12. d6 Qxe3+ 13. Kb1 Rd8 14. Be2 b6 15. Rd3 Qc5 16. Na4 Qf2 17. Rf1 Qxg2 18. Rxf6 Qxe4 19. Rxf7 Qh1+ 20. Rf1 Qxh2 21. c5 Ba6 22. Rd2 Bxe2 23. Rxe2 Qh3 24. Rd1 bxc5 25. Nxc5 Rab8 26. Rxe5 Rb5 27. Re2 h5 28. d7 Qg4 29. Nxe6 1-0